AoeStats
← LaUlrich

Nomad

510256463Analyzed
2v2 RM · 2d ago on Sep 30, 2026· 41m 0s· 4 players
Game mode
Random Map
Map size
176×176
Population
200
Speed
Normal
Resources
Standard
Victory
Conquest
Starting age
Dark Age
Ending age
Imperial Age
RankedLock teamsTeams togetherTeam positionsShared explorationLock speedFull tech treeHidden civsTurbo modeCheats
Victory
Defeat
🇺🇸 Spanish · United States
1160
+16
🇲🇽 Danes · Mexico
1121
+18
🇲🇽 Varangians · Mexico
1206
-18
🇲🇽 Portuguese · Mexico
1126
-16
Masiosare
14:04 Feudal Age
17:36 Castle Age
16:26 Double-Bit Axe
17:28 Loom
18:19 Wheelbarrow
18:24 Fishing Lines
18:57 Bow Saw
19:34 Horse Collar
21:42 Gillnets
22:00 Gold Mining
22:38 Husbandry
24:05 Heavy Plow
27:21 Padded Archer Armor
27:29 Scale Barding Armor
27:42 Bloodlines
27:36 Town Watch
30:08 Sanctity
30:46 Chain Barding Armor
30:29 Padded Archer Armor
30:20 Fletching
34:40 Imperial Age
33:26 Chain Barding Armor
33:17 Forging
33:03 Bodkin Arrow
33:07 Stone Mining
36:11 Plate Barding Armor
34:58 Cavalier
36:15 Iron Casting
36:45 Chemistry
36:06 Ballistics
39:02 Murder Holes
39:17 Masonry
39:09 Paladin
40:44 Stone Shaft Mining
42:06 Blast Furnace
El Gordo Puto
11:38 Loom
14:14 Feudal Age
14:59 Fishing Lines
16:39 Double-Bit Axe
19:56 Town Watch
24:18 Castle Age
22:37 Scale Mail Armor
23:46 Gold Mining
25:17 Chain Mail Armor
25:48 Gold Shaft Mining
26:29 Squires
27:05 Forging
30:43 Fletching
32:33 Arson
33:55 Hamask
36:33 Gambesons
37:25 Iron Casting
Ranilla_Sr Bernabe
4:43 Loom
12:46 Feudal Age
17:33 Castle Age
17:34 Forging
17:28 Scale Mail Armor
17:33 Arson
18:22 Gold Mining
21:07 Horse Collar
21:56 Elite Skirmisher
24:45 Heavy Plow
29:13 Chain Mail Armor
29:37 Double-Bit Axe
32:47 Wheelbarrow
32:53 Bow Saw
37:44 Imperial Age
36:30 Scale Barding Armor
37:01 Iron Casting
40:18 Blast Furnace
LaUlrich
3:07 Loom
16:14 Feudal Age
21:36 Castle Age
19:29 Double-Bit Axe
23:09 Fletching
23:20 Padded Archer Armor
23:49 Stone Mining
23:50 Gold Mining
35:18 Imperial Age
35:15 Bow Saw
Connection lost

Rejoining the realm…

Still unreachable

The connection could not be restored.

Session expired

The server has moved on; the page needs a fresh start.